 Dungeon Crawl Stone Soup version 0.29-a0-575-g0dc89cf053 (webtiles) character file.

Game seed: 8205246636427449151

60 croobank the Covert (level 4, -6/41 HPs)
             Began as a Gnoll Delver on June 12, 2022.
             Mangled by Sigmund
             ... wielding a +0 scythe
              (8 damage)
             ... on level 2 of the Dungeon.
             The game lasted 00:09:07 (1584 turns).

croobank the Covert (Gnoll Delver)                  Turns: 1584, Time: 00:09:08

Health: -6/41      AC:  5    Str: 11    XL:     4   Next: 4%
Magic:  5/5        EV: 12    Int: 11    God:
Gold:   99         SH:  0    Dex: 14    Spells: 5/5 levels left

rFire   . . .      SeeInvis .   a - +0 hand axe
rCold   . . .      Faith    +   (no shield)
rNeg    . . .      Spirit   .   f - +0 ring mail
rPois   .          Reflect  .   (no helmet)
rElec   .          Harm     .   (no cloak)
rCorr   .          Rampage  .   (no gloves)
Will    .....                   (no boots)
Stlth   ++++......              o - amulet of faith
HPRegen 0.13/turn               (no ring)
MPRegen 0.09/turn               (no ring)

@: no status effects
A: fangs 1, strong nose, distributed training
a: no special abilities


You were on level 2 of the Dungeon.
You visited 1 branch of the dungeon, and saw 5 of its levels.

You collected 99 gold pieces.

Inventory:

Hand Weapons
 a - a +0 hand axe (weapon)
 i - a +0 dagger
Missiles
 l - 3 poisoned darts (quivered)
 q - 67 stones
Armour
 b - a +0 leather armour
 e - a +0 scale mail
 f - a +0 ring mail (worn)
Jewellery
 o - an amulet of faith (around neck)
Wands
 g - a wand of digging (3)
Scrolls
 c - a scroll of fog
 d - a scroll of magic mapping
Potions
 h - a potion of flight


   Skills:
 + Level 6.5 Fighting
 + Level 1.0 Short Blades
 + Level 1.0 Long Blades
 + Level 4.6 Axes
 + Level 1.0 Maces & Flails
 + Level 1.0 Polearms
 + Level 1.0 Staves
 + Level 1.0 Slings
 + Level 1.0 Bows
 + Level 1.0 Crossbows
 + Level 1.0 Throwing
 + Level 1.0 Armour
 + Level 4.6 Dodging
 + Level 9.6 Stealth
 + Level 1.0 Shields
 + Level 1.0 Unarmed Combat
 + Level 1.0 Spellcasting
 + Level 0.7 Conjurations
 + Level 0.7 Hexes
 + Level 0.7 Summonings
 + Level 0.7 Necromancy
 + Level 0.7 Translocations
 + Level 0.7 Transmutations
 + Level 0.7 Fire Magic
 + Level 0.7 Ice Magic
 + Level 0.7 Air Magic
 + Level 0.7 Earth Magic
 + Level 0.7 Poison Magic
 + Level 1.1 Invocations
 + Level 1.0 Evocations


You had 5 spell levels left.
You didn't know any spells.
Your spell library was empty.

Dungeon Overview and Level Annotations

Branches:
Dungeon (5/15)
 Temple: D:4-7

Altars:
Dithmenos
Elyvilon

Annotations:
D:2 Sigmund, Terence
D:4 Pargi


Innate Abilities, Weirdness & Mutations

You have very sharp teeth.
Your uncanny sense of smell can sniff out nearby items.
Your experience applies equally to all skills.


Message History

You are confused.
You feel less attractive to monsters.
You bump into the rock wall.
Something hits you!
You bump into the rock wall.
Something hits you!
* * * LOW HITPOINT WARNING * * *
You hear some strange, mumbled words.
You are more confused.
You bump into the rock wall.
Something hits you but does no damage.
Okay, then.
You are too confused!
You're too confused to move!
You bump into the rock wall.
Something barely misses you.
You hit something. Something hits you.
* * * LOW HITPOINT WARNING * * *
You're too confused to move!
You miss something.
You feel your willpower return.
You hear some strange, mumbled words.
Something tries to affect you, but you resist.
You bump into the rock wall.
You feel less confused.
You hear some strange, mumbled words.
You are confused.
Okay, then.
You bump into the rock wall.
Sigmund appears from thin air!
Reactivating autopickup.
Sigmund closely misses you.
You bump into the rock wall.
Sigmund misses you.
You closely miss Sigmund.
Sigmund is severely wounded.
You hit Sigmund but do no damage.
Sigmund is severely wounded.
Sigmund hits you with a +0 scythe.
* * * LOW HITPOINT WARNING * * *
You hit Sigmund but do no damage.
Sigmund is severely wounded.
You feel less confused. Sigmund hits you with a +0 scythe!
You die...

∆ . .# ..#
.... # ....#
#.#####.....#
#...@@..#
####.####
######.#
#......####.#
#.#...†.....#
#...#########
##.## ∆ #.#
..#


You could see Sigmund.

Vanquished Creatures
  An adder (D:2)
  4 orcs
  6 bats
  3 endoplasms
  6 goblins
  4 hobgoblins
  4 quokkas
  4 ball pythons
  3 frilled lizards
  4 kobolds (D:1)
  3 rats (D:1)
42 creatures vanquished.

Notes
Turn   | Place    | Note
-------+----------+-------------------------------------------
     0 | D:5      | Reached skill level 9 in Stealth
     0 | D:5      | croobank the Gnoll Delver began the quest for the Orb.
     0 | D:5      | Reached XP level 1. HP: 23/23 MP: 1/1
    10 | D:5      | Found a white marble altar of Elyvilon.
    18 | D:5      | Found a shadowy altar of Dithmenos.
    31 | D:5      | Noticed a scorpion
   247 | D:4      | Noticed Pargi
   247 | D:4      | Noticed a scorpion
   273 | D:3      | Noticed an orc priest
   299 | D:3      | Reached XP level 2. HP: 29/29 MP: 2/2
   814 | D:1      | Reached XP level 3. HP: 35/35 MP: 3/3
   941 | D:1      | Reached skill level 1 in Invocations
  1445 | D:2      | Reached skill level 1 in Short Blades
  1445 | D:2      | Reached skill level 1 in Long Blades
  1445 | D:2      | Reached skill level 1 in Maces & Flails
  1445 | D:2      | Reached skill level 1 in Polearms
  1445 | D:2      | Reached skill level 1 in Staves
  1445 | D:2      | Reached skill level 1 in Slings
  1445 | D:2      | Reached skill level 1 in Bows
  1445 | D:2      | Reached skill level 1 in Crossbows
  1445 | D:2      | Reached skill level 1 in Throwing
  1445 | D:2      | Reached skill level 1 in Armour
  1445 | D:2      | Reached skill level 1 in Shields
  1445 | D:2      | Reached skill level 1 in Unarmed Combat
  1445 | D:2      | Reached skill level 1 in Spellcasting
  1445 | D:2      | Reached skill level 1 in Evocations
  1509 | D:2      | Noticed Terence
  1535 | D:2      | Reached XP level 4. HP: 41/41 MP: 5/5
  1537 | D:2      | Noticed Sigmund
  1583 | D:2      | HP: 2/41 [Sigmund/+0 scythe (4)]
  1584 | D:2      | Mangled by Sigmund

Illustrated notes

Levels and vault maps discovered:
D:1:      minmay_arrival_stone_box, layout_rooms, chequers_serial_rivers_room_b,
          minmay_bisected
D:2:      layout_loops_ring, serial_shops, nicolae_square_shop, uniq_sigmund,
          uniq_terence, uniq_crazy_yiuf_cottage
D:3:      layout_loops_corners, minmay_unequal, uniq_grinder, uniq_jessica,
          uniq_ijyb, uniq_natasha
D:4:      layout_layer_cave, chequers_jeans, uniq_pargi
D:5:      layout_basic, mainiacjoe_overflow_big_doors,
          gammafunk_temple_overflow_statue, uniq_edmund

Skill      XL: |  1  2  3 |
---------------+----------+-----
Stealth        | |  9.6
Invocations    | 1 |  1.1
Short Blades   | 1 |  1.0
Long Blades    | 1 |  1.0
Maces & Flails | 1 |  1.0
Polearms       | 1 |  1.0
Staves         | 1 |  1.0
Slings         | 1 |  1.0
Bows           | 1 |  1.0
Crossbows      | 1 |  1.0
Throwing       | 1 |  1.0
Armour         | 1 |  1.0
Shields        | 1 |  1.0
Unarmed Combat | 1 |  1.0
Spellcasting   | 1 |  1.0
Evocations     | 1 |  1.0
Fighting       | |  6.5
Axes           | |  4.6
Dodging        | |  4.6
Conjurations   | |  0.7
Hexes          | |  0.7
Summonings     | |  0.7
Necromancy     | |  0.7
Translocations | |  0.7
Transmutations | |  0.7
Fire Magic     | |  0.7
Ice Magic      | |  0.7
Air Magic      | |  0.7
Earth Magic    | |  0.7
Poison Magic   | |  0.7

Action                   |  1- 3 |  4- 6 || total
-------------------------+-------+-------++-------
Melee: Hand axe          |    94 |    25 ||   119
       Dagger            |    18 |       ||    18
       Bite              |     6 |     3 ||     9
  Use: Scroll            |     6 |     1 ||     7
       Potion            |     1 |     4 ||     5
 Stab: Sleeping          |     8 |       ||     8
Armor: Leather armour    |     5 |       ||     5
       Ring mail         |    35 |     5 ||    40
Dodge: Dodged            |    61 |     7 ||    68

Table legend: (Time is in decaauts)
 A = Elapsed time spent in this place.
 B = Non-inter-level travel time spent in this place.
 C = Inter-level travel time spent in this place.
 D = Time resting spent in this place.
 E = Time spent auto-exploring this place.
 F = Levels seen in this place.
 G = Mean time per level.
                   A        B        C        D        E       F      G
               +--------+--------+--------+--------+--------+-----+--------+
         Total |   1568 |   1552 |     16 |    286 |    760 |   5 |  313.6 |
       Dungeon |   1568 |   1552 |     16 |    286 |    760 |   5 |  313.6 |
               +--------+--------+--------+--------+--------+-----+--------+

Top non-repeatable levels by time:
     D:1: 850 daAuts
     D:2: 277 daAuts
     D:4: 217 daAuts
     D:3: 177 daAuts
     D:5: 46 daAuts
